 Dungeon Crawl Stone Soup version 0.30.0-29-ga12c61a403 (webtiles) character file.

Game seed: 12325882380210207218

160 seaoflcl the Trooper (level 5, -1/47 HPs)
             Began as a Minotaur Berserker on June 4, 2023.
             Was a Believer of Trog.
             Slain by a cerulean imp
             ... wielding a +2 spear
             ... summoned by Natasha
              (2 damage)
             ... on level 3 of the Dungeon.
             The game lasted 00:02:46 (1737 turns).

seaoflcl the Trooper (Minotaur Berserker)           Turns: 1737, Time: 00:02:47

Health: -1/47      AC:  5    Str: 24    XL:     5   Next: 17%
Magic:  4/4        EV: 11    Int:  4    God:    Trog [**....]
Gold:   159        SH:  0    Dex:  9    Spells: 4/4 levels left

rFire   . . .        e - +3 short sword (holy)
rCold   . . .        (no shield)
rNeg    . . .        j - +0 ring mail
rPois   .            (helmet restricted)
rElec   .            (no cloak)
rCorr   .            (no gloves)
SInv    .            (no boots)
Will    .....        (no amulet) Stlth
                     (no ring)
HPRegen 0.27/turn    (no ring)
MPRegen 0.09/turn

%: no passive effects
@: on berserk cooldown
A: horns 2, retaliatory headbutt
a: Renounce Religion, Berserk, Trog's Hand


You were on level 3 of the Dungeon.
You worshipped Trog.
Trog was pleased with you.
You visited 1 branch of the dungeon, and saw 3 of its levels.

You collected 159 gold pieces.

Inventory:

Hand Weapons
 a - a +0 hand axe
 e - a +3 short sword of holy wrath (weapon)
Armour
 b - a +0 animal skin
 j - a +0 ring mail (worn)
Scrolls
 g - a scroll of teleportation {unknown}
 h - a scroll of poison {unknown}
 m - 3 scrolls of identify {unknown}
Potions
 c - 2 potions of invisibility {unknown}
 d - a potion of might {unknown}
 f - 3 potions of brilliance {unknown}
 i - 2 potions of curing {unknown}
 k - a potion of heal wounds {unknown}
 l - a potion of cancellation {unknown}


   Skills:
 + Level 4.7 Fighting
 * Level 3.8 Short Blades
 - Level 3.7 Axes
 + Level 3.1 Armour
 + Level 2.6 Dodging


You had 4 spell levels left.
You didn't know any spells.
Your spell library was empty.

Dungeon Overview and Level Annotations

Branches:
Dungeon (3/15)

Altars:

Annotations:
D:3 Natasha


Innate Abilities, Weirdness & Mutations

You have a pair of horns on your head.
You reflexively headbutt those who attack you in melee.


Message History

A red film seems to cover your vision as you go berserk!
You feel yourself moving faster!
You feel mighty! The kobold closely misses you.
Terence hits you with a +0 flail.
* * * LOW HITPOINT WARNING * * *
You hit Terence.
You kill Terence!
Trog accepts your kill. The kobold completely misses you.
You have reached level 5!
You puncture the kobold!
You kill the kobold!
Trog accepts your kill.
You feel a strong urge to attack something.
You feel your anger nearly subside.
You are no longer berserk.
You are exhausted.
You feel yourself slow down.
You see here a +0 whip.
Things that are here:
a +0 flail; a +0 chain mail Natasha, Servant of Life and Death comes into view.
She is carrying a wand of flame (25).
Natasha hisses angrily.
Natasha stares at you and mumbles some strange words.
The magic dart hits you.
* * * LOW HITPOINT WARNING * * *
Natasha zaps a wand.
The puff of flame misses you.
Natasha zaps a wand.
The puff of flame misses you.
Natasha casts a spell.
Natasha stares at you and mumbles some strange words.
The magic dart hits you.
* * * LOW HITPOINT WARNING * * *
You feel yourself speed up.
Natasha casts a spell.
Natasha stares at you and mumbles some strange words.
The magic dart hits you.
* * * LOW HITPOINT WARNING * * *
The cerulean imp hits you from afar with a +0 spear.
* * * LOW HITPOINT WARNING * * *
The cerulean imp hits you with a +2 spear.
You die...

###.....)...........#### .# .
........†.........#....##.# #..
#...............####..#.####
#..#...........................
##.................#####....###
#..>..))...........# ####....##
#........h>.h5.....####†........
#.........5.#..5...##.....#####.
#.......#######@.......####
.#.....## #...#....### .......
#..#..#.....### .......
#..##.#..##...# .......
...##.... ###.##
..##...##.####).#### #..
.........)))..... ...
......######))..# #.## .#. #.#
##'###


You could see Natasha and 2 cerulean imps.

Vanquished Creatures
  Terence (D:3)
  Natasha (D:3)
  5 adders
  6 orcs (D:3)
  11 ball pythons
  4 endoplasms
  2 giant cockroaches
  3 goblins
  4 hobgoblins
  5 jackals
  6 bats
  4 frilled lizards
  5 kobolds
  4 rats
61 creatures vanquished.

Notes
Turn   | Place    | Note
-------+----------+-------------------------------------------
     0 | D:1      | seaoflcl the Minotaur Berserker began the quest for the
                  | Orb.
     0 | D:1      | Reached XP level 1. HP: 19/19 MP: 0/0
   379 | D:1      | Reached XP level 2. HP: 27/27 MP: 1/1
   380 | D:1      | Reached skill level 4 in Fighting
   899 | D:2      | Reached skill level 1 in Short Blades
   970 | D:2      | Reached XP level 3. HP: 31/33 MP: 2/2
  1049 | D:2      | Reached ** piety under Trog
  1522 | D:3      | Reached XP level 4. HP: 40/41 MP: 3/3
  1685 | D:3      | Noticed Natasha
  1691 | D:3      | Noticed Terence
  1698 | D:3      | Killed Natasha
  1704 | D:3      | Killed Terence
  1705 | D:3      | Reached XP level 5. HP: 8/47 MP: 4/4
  1727 | D:3      | Noticed Natasha
  1737 | D:3      | HP: 1/47 [cerulean imp/+0 spear[Natasha] (5)]
  1737 | D:3      | Slain by a cerulean imp

Illustrated notes

Levels and vault maps discovered:
D:1:      amcnicky_arrival_abandoned_market, layout_basic, supply_closet_lemuel,
          minmay_stone_trees_small
D:2:      layout_rooms
D:3:      layout_rooms, ebering_ghost_reflecting_pool, saegor_snake_ambush,
          uniq_sigmund, uniq_natasha, uniq_terence

Skill      XL: |  1  2  3  4 |
---------------+-------------+-----
Fighting       | 4 |  4.7
Short Blades   | 1 2 3 |  3.8
Armour         | 3 |  3.1
Axes           | |  3.7
Dodging        | |  2.6

Action                     |  1- 3 |  4- 6 || total
---------------------------+-------+-------++-------
  Melee: Short sword       |    78 |    64 ||   142
         Hand axe          |     2 |       ||     2
         Headbutt          |     7 |     9 ||    16
         Punch             |     1 |       ||     1
 Invoke: Berserk           |       |     1 ||     1
   Stab: Sleeping          |     1 |       ||     1
 Armour: Animal skin       |     4 |       ||     4
         Ring mail         |    18 |    17 ||    35
  Dodge: Dodged            |    56 |    42 ||    98
